 Dungeon Crawl Stone Soup version 0.31-a0-986-g5e6e4ef867 (webtiles) character file.

Game seed: 12006864470517940471

193 Maxmaps the Covert (level 5, -1/36 HPs)
             Began as an Octopode Delver on Nov 7, 2023.
             Slain by a ball python (3 damage)
             ... on level 2 of the Dungeon.
             The game lasted 00:04:09 (2022 turns).

Maxmaps the Covert (Octopode Delver)                Turns: 2022, Time: 00:04:10

Health: -1/36      AC:  1    Str: 18    XL:     5   Next: 72%
Magic:  14/14      EV:  6    Int: 14    God:
Gold:   104        SH: 13    Dex: 13    Spells: 4/4 levels left

rFire   . .          .
                       - Unarmed
rCold   . . .        o - +2 tower shield
rNeg    . . .        (helmet restricted)
rPois   .            (no amulet)
rElec   .            g - +6 ring of strength
rCorr   .            j - ring of magical power
SInv    .            (no ring)
Will    .....        (no ring)
Stlth   +++++        (no ring)
HPRegen 0.26/turn    (no ring)
MPRegen 0.14/turn    (no ring)
                     (no ring)

%: no passive effects
@: constricted
A: almost no armour, amphibious, 8 rings, camouflage 1, gelatinous body 1,
(nimble swimmer 1), tentacles
a: no special abilities


You were on level 2 of the Dungeon.
You visited 1 branch of the dungeon, and saw 5 of its levels.

You collected 104 gold pieces.

Inventory:

Armour
 o - a +2 tower shield (worn)
Jewellery
 g - a +6 ring of strength (left tentacle)
 j - a ring of magical power (right tentacle)
Wands
 e - a wand of digging (3)
Scrolls
 a - 3 scrolls of fog
 b - a scroll of revelation
 c - 2 scrolls of fear
 h - a scroll of enchant weapon {unknown}
 i - a scroll of poison {unknown}
 k - a scroll of blinking {unknown}
 l - a scroll of noise {unknown}
 n - a scroll of teleportation {unknown}
Potions
 d - a potion of haste
 f - a potion of magic {unknown}
 m - a potion of curing


   Skills:
 - Level 3.0 Fighting
 - Level 2.0 Dodging
 - Level 9.4 Stealth
 + Level 1.2 Shields
 - Level 3.0 Unarmed Combat


You had 4 spell levels left.
You didn't know any spells.
Your spell library contained the following spells:

 Spells                   Type           Power      Damage    Failure   Level
 Freeze                   Ice            0%         1d3       97%         1
 Summon Small Mammal      Summ           0%         N/A       97%         1
 Call Canine Familiar     Summ           0%         N/A       100%        3
 Frozen Ramparts          Ice            0%         1d1       100%        3
 Hailstorm                Conj/Ice       0%         3d3       100%        3
 Ozocubu's Armour         Ice            0%         N/A       100%        3
 Summon Guardian Golem    Hex/Summ       0%         N/A       100%        3
 Metabolic Englaciation   Hex/Ice        0%         N/A       100%        5
 Simulacrum               Ice/Necr       0%         N/A       100%        6


Dungeon Overview and Level Annotations

Branches:
Dungeon (5/15)
 Temple: D:4-7

Altars:
Okawaru
Ru

Annotations:
D:2 Robin


Innate Abilities, Weirdness & Mutations

You cannot wear most types of armour.
You are amphibious.
You can wear up to eight rings at the same time.
Your skin changes colour to match your surroundings (Stealth+).
Your rubbery body absorbs attacks. (AC +1, EV +1)
((You are camouflaged when in or above water. (Stealth+)))
You have tentacles for arms and can constrict up to eight enemies at once.


Message History

You block the goblin's attack. Robin throws the goblin at you!
You block the goblin's attack. The ball python completely misses you.
The ball python constricts you. The goblin hits you with a +0 dagger.
You tentacle-slap the goblin. Your grab misses the goblin.
The goblin is moderately wounded.
Robin throws the goblin at you! You block the goblin's attack.
The goblin hits you with a +1 dagger of venom.
You are poisoned.
The ball python bites you. The ball python constricts you.
You block the goblin's attack. The goblin hits you with a +0 dagger.
Robin says, "My goblins will feast on your bones."
The goblin hits you but does no damage.
Unknown command.
You closely miss the goblin. You grab the goblin.
Your squeeze misses the goblin.
The goblin is moderately wounded.
You constrict the goblin.
You kill the goblin!
You feel very sick. You block the ball python's attack.
The ball python constricts you.
* * * LOW HITPOINT WARNING * * *
The goblin hits you with a +0 dagger.
* * * LOW HITPOINT WARNING * * *
The goblin hits you with a +0 dagger.
* * * LOW HITPOINT WARNING * * *
You block the ball python's attack. The ball python constricts you.
Robin roars a battlecry!
The goblins go into a battle-frenzy!
It was a potion of curing.
You feel better. You block the ball python's attack.
The ball python constricts you. The goblin hits you with a +0 dagger.
* * * LOW HITPOINT WARNING * * *
You block the goblin's attack. Robin throws the goblin at you!
The goblin hits you with a +0 club!
* * * LOW HITPOINT WARNING * * *
Unknown command.
You closely miss the goblin. You grab the goblin. You squeeze the goblin.
You kill the goblin!
The ball python closely misses you. The ball python constricts you.
You block the goblin's attack. x2; The ball python bites you.
You die...

##.# ##. ## ##+## ####
##...## #... . ##.....##
#.## ... ##.......## #...
....g####g........####...
....gggS@)........+......
....g####g........####...
... ##.......## #.... .
##.....## #.#.# ##...##
#.#.# ##'## #.#.. #.#
#[##. #.# #.##. ##.##
#.#..


You could see Robin, a hobgoblin (strong), 5 goblins and a ball python.

Vanquished Creatures
  A black bear (D:5)
  A hound (D:5)
  3 adders
  A white imp (D:5)
  A worm (D:5)
  A dart slug (D:2)
  2 bats (D:2)
  5 endoplasms
  6 goblins
  A hobgoblin (D:1)
  4 jackals (D:2)
  3 kobolds
  2 quokkas (D:2)
  3 ball pythons (D:2)
  5 rats
39 creatures vanquished.

Notes
Turn   | Place    | Note
-------+----------+-------------------------------------------
     0 | D:5      | Maxmaps the Octopode Delver began the quest for the Orb.
     0 | D:5      | Reached XP level 1. HP: 16/16 MP: 1/1
    10 | D:5      | Noticed a hound
    20 | D:5      | Killed a hound
    21 | D:5      | Reached skill level 7 in Stealth
    21 | D:5      | Reached XP level 2. HP: 9/21 MP: 2/2
    21 | D:5      | Reached XP level 3. HP: 12/26 MP: 3/3
    77 | D:5      | Found an iron altar of Okawaru.
   166 | D:5      | Noticed a phantom
   207 | D:5      | Noticed a water moccasin
   304 | D:5      | Noticed a black bear
   319 | D:5      | Killed a black bear
   320 | D:5      | Reached skill level 9 in Stealth
   320 | D:5      | Reached XP level 4. HP: 15/31 MP: 4/4
   320 | D:5      | Reached XP level 5. HP: 17/36 MP: 5/5
   563 | D:3      | Found a sacrificial altar of Ru.
   571 | D:3      | Identified the +4 mace of Oluruen {spect, rC- MP+9 Str+4
                  | Int+3}
   626 | D:2      | Found a faded altar of an unknown god.
  1986 | D:2      | Reached skill level 1 in Shields
  2013 | D:2      | Noticed Robin
  2021 | D:2      | HP: 1/36 [goblin/+0 club[Robin] (7)]
  2022 | D:2      | Slain by a ball python

Illustrated notes

Levels and vault maps discovered:
D:1:      scummos_arrival_simple_crosswalls, layout_basic
D:2:      layout_loops_corners, hellmonk_ecumenical_altar_dog_temple,
          minmay_unequal, uniq_robin
D:3:      layout_basic, mainiacjoe_overflow_brackets, minmay_fountain_box
D:4:      layout_loops_ring, led_xom_imps, minmay_bisected, uniq_natasha
D:5:      layout_basic, nicolae_overflow_crystal_walls, uniq_menkaure

Skill      XL: |  1  2  3  4  5 |
---------------+----------------+-----
Stealth        | 7 9 |  9.4
Unarmed Combat | 3 |  3.0
Shields        | 1 |  1.2
Fighting       | |  3.0
Dodging        | |  2.0

Action                     |  1- 3 |  4- 6 || total
---------------------------+-------+-------++-------
  Melee: Unarmed           |    11 |    74 ||    85
         Tentacles         |     6 |    17 ||    23
         Constrict         |     2 |    24 ||    26
         Punch             |     2 |     2 ||     4
    Use: Potion            |       |     1 ||     1
   Stab: Sleeping          |       |    13 ||    13
 Armour: Skin              |    11 |    43 ||    54
  Dodge: Dodged            |    12 |    32 ||    44
  Block: Tower shield      |       |    20 ||    20

Table legend: (Time is in decaauts)
 A = Elapsed time spent in this place.
 B = Non-inter-level travel time spent in this place.
 C = Inter-level travel time spent in this place.
 D = Time resting spent in this place.
 E = Time spent auto-exploring this place.
 F = Levels seen in this place.
 G = Mean time per level.
                   A        B        C        D        E       F      G
               +--------+--------+--------+--------+--------+-----+--------+
         Total |   2023 |   1732 |    291 |    181 |   1223 |   5 |  404.6 |
       Dungeon |   2023 |   1732 |    291 |    181 |   1223 |   5 |  404.6 |
               +--------+--------+--------+--------+--------+-----+--------+

Top non-repeatable levels by time:
     D:2: 705 daAuts
     D:1: 694 daAuts
     D:5: 532 daAuts
     D:3: 85 daAuts
     D:4: 5 daAuts
